 Dungeon Crawl Stone Soup version 0.23.2 (webtiles) character file.

Game seed: 8512401757063693615

11102 davaitedunem the Basher (level 11, -4/102 HPs)
             Began as a Minotaur Berserker on Apr 11, 2019.
             Was an Elder of Trog.
             Killed by drain life
             ... invoked by a soul eater
             ... summoned by an orc sorcerer
              (16 damage)
             ... on level 2 of the Orcish Mines.
             The game lasted 01:20:28 (8540 turns).

davaitedunem the Basher (Minotaur Berserker)        Turns: 8540, Time: 01:20:29

Health: -4/102     AC: 15    Str: 24    XL:     11   Next: 44%
Magic:  10/10      EV: 13    Int:  4    God:    Trog [****..]
Gold:   949        SH:  0    Dex: 14    Spells: 10/10 levels left

rFire    . . .     SeeInvis .   e - +1 mace (protect)
rCold    . . .     Gourm    .   (no shield)
rNeg     . . .     Faith    .   j - +1 chain mail
rPois    .         Spirit   .   (helmet restricted)
rElec    .         Reflect  .   u - scarf {cloud immunity}
rCorr    .         Harm     .   y - +1 pair of gloves
MR       ++...                  (no boots)
Stlth    ..........             (no amulet)
HPRegen  1.27/turn              r - +3 ring of strength
MPRegen  0.12/turn              (no ring)

@: berserk cooldown, regenerating, slowed, drained, very slow
A: retaliatory headbutt, horns 2
a: Berserk, Trog's Hand, Brothers in Arms, Renounce Religion


You were on level 2 of the Orcish Mines.
You worshipped Trog.
Trog was greatly pleased with you.
You were near starving.

You visited 2 branches of the dungeon, and saw 12 of its levels.

You collected 949 gold pieces.

Inventory:

Hand Weapons
 e - a +1 mace of protection (weapon)
 C - a +3 flail
 G - a +1 flail of crushing
Missiles
 v - 5 tomahawks (quivered)
Armour
 b - a +0 shield
 j - a +1 chain mail (worn)
 u - a scarf of cloud immunity (worn)
 y - a +1 pair of gloves (worn)
 z - a +1 pair of gloves of archery
 E - a +0 scale mail
 H - a +2 chain mail of cold resistance
Jewellery
 l - an uncursed ring of protection from magic {unknown}
 r - a +3 ring of strength (left hand)
 s - an uncursed ring of positive energy {unknown}
 B - an uncursed ring of fire {unknown}
Wands
 F - a wand of polymorph (6)
Scrolls
 d - 3 scrolls of teleportation
 f - a scroll of fear
 g - 2 scrolls of identify
 m - 2 scrolls of enchant weapon
 q - a scroll of enchant armour
 t - a scroll of magic mapping
 A - a scroll of blinking {unknown}
 D - a scroll of vulnerability {unknown}
Potions
 a - 3 potions of heal wounds {unknown}
 h - a potion of might {unknown}
 i - 3 potions of brilliance {unknown}
 k - 3 potions of lignification {unknown}
 n - 2 potions of flight {unknown}
 o - a potion of haste {unknown}
 p - 3 potions of curing
 w - 3 potions of degeneration {unknown}
Comestibles
 c - 20 rations
 x - 23 chunks of flesh


   Skills:
 + Level 11.2(10.1) Fighting
 - Level 12.0(10.9) Maces & Flails
 + Level 10.9(9.9) Armour
 + Level 9.9(9.0) Dodging


You had 10 spell levels left.
You didn't know any spells.
Your spell library was empty.

Dungeon Overview and Level Annotations

Branches:
Dungeon (10/15)            Temple (0/1) D:7            Lair (0/6) D:9
    Orc (2/2) D:10            Elf (0/3) Orc:2

Altars:
Ashenzari
Dithmenos
Fedhas
Kikubaaqudgha
Trog
Vehumet
Zin

Shops:
Orc:1 =


Innate Abilities, Weirdness & Mutations

You reflexively headbutt those who attack you in melee.
You have a pair of horns on your head.


Message History

You feel drained. The soul eater hits you! The orc knight barely misses you.
You feel better. The soul eater barely misses you. You furiously retaliate!
You headbutt the soul eater.
The orc knight hits you but does no damage.
The soul eater hits you.
You feel drained.
You feel the effects of Trog's Hand fading.
The soul eater draws from the surrounding life force!
* * * LOW HITPOINT WARNING * * *
The orc sorcerer casts a spell.
Your skin crawls.
You feel resistant to hostile enchantments.
You are near starving!
Trog will no longer gift you weapons.
The soul eater draws from the surrounding life force!
* * * LOW HITPOINT WARNING * * *
The orc knight hits you with a +0 battleaxe!
* * * LOW HITPOINT WARNING * * *
The soul eater draws from the surrounding life force!
You die...

##.......... ##.$#.
##.......$... .#.....
##$........... #...... ###
#....(.(.# ##. ....... ##.##
###......### .. .......##...##
##.........## ##.
........#....###...........###..
...........4###)÷.)..#.....##...
...........).3o@).#.##.....##..)
..........)..o...#####........<.
..........†....### #.<......).÷
......$.........# ####......))
.........)#......# #.....)..
.....#..####......# ###.......
.....#.## #.....## #.#.).....
8...8## #....## ###......... ..
#....# ##...........


You could see an orc knight, a soul eater, an ice devil and an orc sorcerer.

Vanquished Creatures
  Harold (D:7)
  Urug (D:10)
  An orc knight (Orc:2)
  An orc sorcerer (Orc:1)
  The ghost of DungeonDestroyer the Chopper, a novice MiFi (D:9)
  Joseph (D:7)
  The ghost of dvd the Chopper, an amateur TrGl (D:4)
  2 trolls
  Prince Ribbit (D:9)
  A hippogriff (D:10)
  A wyvern (D:10)
  A spriggan (D:10)
  A hungry ghost (D:8)
  Menkaure (D:7)
  Duvessa (D:4)
  10 orc warriors
  10 ogres
  5 ice beasts
  6 sky beasts
  4 wolves (D:9)
  2 phantoms
  3 centaurs
  7 bullfrogs
  A gnoll sergeant (D:7)
  Dowan (D:4)
  A water moccasin zombie (D:6)
  4 scorpions
  4 wights (D:4)
  A howler monkey (D:9)
  3 electric eels (D:9)
  3 crimson imps
  14 orc wizards
  5 hounds (D:9)
  A centaur skeleton (D:8)
  5 orc priests
  A jelly (D:6)
  3 bullfrog skeletons
  6 iguanas
  11 worker ants
  A killer bee zombie (D:8)
  A hound zombie (D:6)
  A howler monkey zombie (D:10)
  3 worker ant zombies
  12 gnolls
  9 adders
  3 howler monkey skeletons
  A river rat (D:4)
  3 shadow imps
  An adder zombie (D:9)
  An adder skeleton (D:4)
  4 worms
  4 leopard geckos
  41 orcs
  4 bats
  8 giant cockroaches
  9 hobgoblins
  3 jackals (D:2)
  3 kobolds
  4 quokkas
  A ball python (D:2)
  A frilled lizard (D:2)
  7 goblins
  7 rats
259 creatures vanquished.

Vanquished Creatures (collateral kills)
  A troll (D:9)
1 creature vanquished.

Grand Total: 260 creatures vanquished

Notes
Turn   | Place    | Note
-------+----------+-------------------------------------------
     0 | D:1      | davaitedunem the Minotaur Berserker began the quest for the
                  | Orb.
     0 | D:1      | Reached XP level 1. HP: 19/19 MP: 0/0
   367 | D:1      | Reached XP level 2. HP: 25/27 MP: 1/1
   895 | D:2      | Reached skill level 4 in Maces & Flails
  1026 | D:2      | Reached XP level 3. HP: 33/33 MP: 2/2
  1225 | D:2      | Reached ** piety under Trog
  2352 | D:3      | Reached skill level 5 in Maces & Flails
  2791 | D:4      | Noticed an ogre
  2794 | D:3      | Reached XP level 4. HP: 40/40 MP: 3/3
  2814 | D:3      | Killed an ogre
  2814 | D:3      | Reached skill level 6 in Maces & Flails
  2814 | D:3      | Reached XP level 5. HP: 29/46 MP: 4/4
  2852 | D:4      | Reached skill level 7 in Maces & Flails
  2936 | D:4      | Noticed Duvessa
  2937 | D:4      | Noticed Dowan
  2944 | D:4      | Killed Duvessa
  2944 | D:4      | Reached XP level 6. HP: 52/52 MP: 5/5
  2945 | D:4      | Killed Dowan
  2945 | D:4      | Reached skill level 8 in Maces & Flails
  2993 | D:4      | Reached skill level 9 in Maces & Flails
  2999 | D:4      | Reached XP level 7. HP: 32/59 MP: 6/6
  3252 | D:4      | Found a runed translucent door.
  3260 | D:4      | Noticed dvd's ghost (amateur TrGl)
  3287 | D:4      | Killed dvd's ghost
  3287 | D:4      | Reached skill level 10 in Maces & Flails
  3301 | D:4      | Found a runed translucent door.
  3363 | D:4      | Found a glowing silver altar of Zin.
  3367 | D:4      | Found an ancient bone altar of Kikubaaqudgha.
  3368 | D:4      | Found a radiant altar of Vehumet.
  3493 | D:5      | Entered Level 5 of the Dungeon
  3502 | D:5      | Found a shadowy altar of Dithmenos.
  3505 | D:5      | Found a bloodstained altar of Trog.
  3514 | D:5      | Reached skill level 11 in Maces & Flails
  3539 | D:5      | Reached XP level 8. HP: 36/66 MP: 7/7
  4148 | D:5      | Found a shattered altar of Ashenzari.
  4196 | D:5      | Reached skill level 5 in Fighting
  4587 | D:6      | Reached skill level 5 in Armour
  4622 | D:6      | Reached XP level 9. HP: 70/75 MP: 8/8
  4647 | D:6      | Reached skill level 12 in Maces & Flails
  4733 | D:6      | Reached skill level 5 in Dodging
  4890 | D:7      | Noticed Harold
  4909 | D:7      | Killed Harold
  4928 | D:7      | Reached *** piety under Trog
  5066 | D:7      | Noticed Menkaure
  5073 | D:7      | Killed Menkaure
  5354 | D:7      | Reached XP level 10. HP: 88/88 MP: 9/9
  5360 | D:7      | Found a staircase to the Ecumenical Temple.
  5360 | D:7      | Noticed Joseph
  5363 | D:7      | Killed Joseph
  5376 | D:7      | Found a faded altar of an unknown god.
  5789 | D:8      | Found a blossoming altar of Fedhas.
  5849 | D:8      | Reached **** piety under Trog
  6148 | D:9      | Noticed Prince Ribbit
  6167 | D:9      | Killed Prince Ribbit
  6263 | D:9      | Found a staircase to the Lair.
  6833 | D:9      | Found a runed translucent door.
  6836 | D:9      | Noticed DungeonDestroyer's ghost (novice MiFi)
  6865 | D:9      | Killed DungeonDestroyer's ghost
  6865 | D:9      | Reached skill level 10 in Fighting
  7288 | D:9      | You fall through a shaft!
  7288 | D:10     | Entered Level 10 of the Dungeon
  7376 | D:10     | Reached skill level 10 in Armour
  7376 | D:10     | Reached XP level 11. HP: 100/100 MP: 10/10
  7416 | D:10     | Found a staircase to the Orcish Mines.
  7484 | D:10     | Noticed Urug
  7491 | D:10     | Killed Urug
  7856 | Orc:1    | Entered Level 1 of the Orcish Mines
  7875 | Orc:1    | Noticed an orc sorcerer
  7893 | Orc:1    | Killed an orc sorcerer
  7955 | Orc:1    | Found Fosm's Jewellery Emporium.
  8258 | Orc:2    | Entered Level 2 of the Orcish Mines
  8262 | Orc:2    | Noticed an orc knight
  8278 | Orc:2    | Killed an orc knight
  8349 | Orc:2    | Found a staircase to the Elven Halls.
  8491 | Orc:2    | Reached ***** piety under Trog
  8527 | Orc:2    | Noticed an orc sorcerer
  8528 | Orc:2    | Noticed an orc knight
  8530 | Orc:2    | Noticed a soul eater
  8540 | Orc:2    | Killed from afar by a soul eater

Skill      XL: |  1  2  3  4  5  6  7  8  9 10 11 |
---------------+----------------------------------+-----
Maces & Flails | 4 5 6 7 9 11 12 | 12.0
Armour         | 3 5 7 10 | 10.9
Fighting       | 4 5 8 10 11 | 11.2
Dodging        | 4 6 9 |  9.9

Action                   |  1- 3 |  4- 6 |  7- 9 | 10-12 || total
-------------------------+-------+-------+-------+-------++-------
Melee: Mace              |    84 |    42 |   285 |   450 ||   861
       Headbutt          |    15 |    10 |    78 |   110 ||   213
Throw: Stone             |     6 |       |       |       ||     6
       Tomahawk          |       |       |     8 |     3 ||    11
Invok: Trog's Hand       |       |     2 |     8 |     8 ||    18
       Berserk           |       |     2 |     6 |     8 ||    16
       Brothers in Arms  |       |       |       |     1 ||     1
  Use: Scroll            |     8 |       |     6 |       ||    14
       Potion            |       |       |       |     2 ||     2
  Eat: Chunk             |     2 |     3 |    12 |    24 ||    41
       Ration            |     1 |       |     1 |       ||     2
Armor: Leather armour    |     1 |       |       |       ||     1
       Chain mail        |    44 |    29 |   123 |   192 ||   388
Dodge: Dodged            |    43 |    18 |   114 |   235 ||   410
